 Dungeon Crawl Stone Soup version 0.31-a0-102-g33a4ccc0cb (webtiles) character file.

Game seed: 4673675557883982757

252424 Chodeload the Eclecticist (level 20, -10/126 (134) HPs)
             Began as a Djinni Wanderer on May 26, 2023.
             Was the Champion of Hepliaklqana.
             Killed by a resonance strike
             ... invoked by Zenata
              (25 damage)
             ... on level 1 of the Vaults on May 27, 2023.
             The game lasted 02:51:29 (35475 turns).

Chodeload the Eclecticist (Djinni Wanderer)        Turns: 35475, Time: 02:51:30

HP:   -10/126 (134) AC: 16    Str: 18    XL:     20   Next: 48%
Gold: 2709          EV: 22    Int: 14    God:    Hepliaklqana [******] SH:  8 Dex: 18

rFire   + + .        a - +5 demon trident (elec)
rCold   . . .        A - +2 buckler
rNeg    . . .        w - +2 leather armour {rC+}
rPois   ∞            e - +2 hat {Stlth+}
rElec   .            x - +2 cloak
rCorr   .            u - +0 pair of fencer's gloves {Riposte Dex+3}
SInv    .            (boots unavailable)
Will    ++...        L - amulet of regeneration
Stlth   ++           X - +5 ring of evasion
HPRegen 1.21/turn    W - +4 ring of protection
MPRegen 0.00/turn

%: infuse magic (-11 HP)
@: flying, very slightly contaminated, hasted, drained, very quick
A: reduced essence, sickness immunity, fire resistance 2, cold vulnerability 1,
float, innate caster, HP casting, extra vitality 1
}: 2/15 runes: decaying, gossamer
a: Renounce Religion, Recall Ancestor, Ancestor Identity, Transference, Idealise


You were on level 1 of the Vaults.
You worshipped Hepliaklqana.
Hepliaklqana was exalted by your worship.
You visited 7 branches of the dungeon, and saw 32 of its levels.
You also visited: Volcano.

You collected 3721 gold pieces.
You spent 1012 gold pieces at shops.

Inventory:

Hand Weapons
 a - a +5 demon trident of electrocution (weapon)
 b - the +4 trident of Frustration {spect, Will- Int+5 SInv}
   (You found it on level 14 of the Dungeon)

   Int:       It affects your intelligence (+5).
   SInv:      It lets you see invisible.
   Will:      It decreases your willpower.
Missiles
 c - 9 silver javelins
 d - 9 curare-tipped darts (quivered)
 i - a boomerang of dispersal
 q - a throwing net
Armour
 e - a +2 hat of stealth (worn)
 u - the +0 pair of fencer's gloves (worn) {Riposte Dex+3}
   (You acquired it on level 1 of the Orcish Mines)

   Riposte:   It allows the wearer to riposte with melee weapons, swiftly
   retaliating against missed or blocked melee attacks.
   Dex:       It affects your dexterity (+3).
 w - a +2 leather armour of cold resistance (worn)
 x - a +2 cloak (worn)
 A - a +2 buckler (worn)
Jewellery
 g - a ring of ice
 o - a ring of wizardry
 L - an amulet of regeneration (around neck)
 M - a ring of protection from cold
 W - a +4 ring of protection (right hand)
 X - a +5 ring of evasion (left hand)
Wands
 K - a wand of polymorph (28)
 Q - a wand of roots (17)
 R - a wand of acid (11)
 U - a wand of charming (15)
 V - a wand of flame (30)
 Y - a wand of digging (14)
Scrolls
 h - 2 scrolls of magic mapping
 k - a scroll of silence
 l - a scroll of identify
 m - 5 scrolls of fog
 n - a scroll of butterflies
 p - a scroll of immolation
 v - 6 scrolls of teleportation
 y - 2 scrolls of fear
 B - 2 scrolls of blinking
 F - 4 scrolls of poison
 H - 3 scrolls of enchant armour
 I - 2 scrolls of torment
 J - 5 scrolls of vulnerability
 N - a scroll of brand weapon
Potions
 f - a potion of lignification
 j - 3 potions of cancellation
 r - 2 potions of berserk rage
 s - a potion of resistance
 t - 5 potions of ambrosia
 z - 4 potions of might
 C - 9 potions of curing
 D - 9 potions of attraction
 G - 5 potions of mutation
 O - 4 potions of brilliance
 P - a potion of haste
 Z - 5 potions of enlightenment
Miscellaneous
 E - a phantom mirror


   Skills:
 - Level 15.0 Fighting
 - Level 0.3 Maces & Flails
 - Level 14.0 Polearms
 - Level 8.0 Armour
 + Level 9.9 Dodging
 - Level 5.0 Shields
 - Level 17.4 Spellcasting
 - Level 17.4 Conjurations
 - Level 17.4 Hexes
 - Level 17.4 Summonings
 - Level 17.4 Necromancy
 - Level 17.4 Translocations
 - Level 17.4 Transmutations
 - Level 17.4 Fire Magic
 - Level 17.4 Ice Magic
 - Level 17.4 Air Magic
 - Level 17.4 Earth Magic
 - Level 17.4 Poison Magic
 - Level 10.0 Invocations
 - Level 3.0 Evocations


You knew the following spells:

 Your Spells              Type           Power      Damage    Failure   Level
a - Necrotise             Necr           100%       1d9       0%          1
b - Vampiric Draining     Necr           57%        2d10      0%          3
c - Magic Dart            Conj           100%       1d8       0%          1
d - Momentum Strike       Conj/Tloc      100%       3d10      1%          2
e - Inner Flame           Hex/Fire       53%        N/A       1%          3
f - Tukima's Dance        Hex            57%        N/A       0%          3
g - Fulminant Prism       Conj/Hex       26%        3d14      1%          4
h - Summon Mana Viper     Hex/Summ       53%        N/A       1%          5
i - Simulacrum            Ice/Necr       26%        N/A       1%          6
j - Haunt                 Necr/Summ      26%        N/A       12%         7
k - Death Channel         Necr           28%        N/A       1%          6

Your spell library contained the following spells:

 Spells                   Type           Power      Damage    Failure   Level


Dungeon Overview and Level Annotations

Branches:
Dungeon (15/15)            Temple (1/1) D:7            Lair (5/5) D:8
  Swamp (4/4) Lair:2       Spider (4/4) Lair:3        Slime (0/5) Lair:4
    Orc (2/2) D:11            Elf (0/3) Orc:2        Vaults (1/5) D:13
 Depths (0/4) D:15        Volcano (visited)

Altars:
Ashenzari
Dithmenos
Elyvilon
Fedhas
Gozag
Hepliaklqana
Makhleb
Nemelex Xobeh
Qazlal
Ru
Trog
Uskayaw
Yredelemnul
Jiyva

Shops:
D:2 [   D:4 [   D:5 *?(   D:7 *   D:8 :   D:9 *   D:11 [([   Orc:2 ==*?

Portals:
Hell: Lair:5

Annotations:
Lair:1 exclusion: downstairs
Lair:4 exclusion: downstairs
Swamp:1 exclusion: 2 downstairs
Spider:3 exclusion: downstairs
Vaults:1 Zenata


Innate Abilities, Weirdness & Mutations

Your life essence is reduced to manifest your ancestor. (-10% HP)
You are immune to sickness and miasma.
You are immune to poison.
Your flesh is very heat resistant. (rF++)
You are vulnerable to cold. (rC-)
You float through the air rather than walking.
You learn spells naturally, not from books.
Your magical power is your life essence.
You have superior vitality. (+4 MHP)


Message History

Aiming: Haunt (dangerous; 12% risk of failure)
Press: ? - help, Dir - move target, f - Zenata
Aim: Zenata, wielding a +3 triple sword of freezing and wearing a +0 leather armour (lightly wounded, ally target)
You miscast Haunt.
You are very lightly contaminated with residual magic.
You shiver with cold!
You feel drained.
* * * LOW HITPOINT WARNING * * *
x2 Your freezing wraith disappears in a puff of smoke!
The +0 short sword of draining completely misses your phantasmal warrior.
The +0 short sword of draining hits your phantasmal warrior.
Your phantasmal warrior barely misses Zenata.
The +0 short sword of draining hits your phantasmal warrior.
You swap places.
The +0 short sword of draining hits your butterfly!
Your butterfly dies!
Your butterfly disappears in a burst of colours!
Your phantasmal warrior misses the +0 short sword of draining.
The runic seal fades away.
The +0 short sword of draining hits your butterfly!
Your butterfly dies!
Your butterfly disappears in a burst of colours!
Zenata casts a spell.
Send 'em back where they came from!
Your phantasmal warrior disappears in a puff of smoke!
Your butterfly disappears in a burst of colours!
Iltani hits Zenata with a +0 broad axe of flaming!
Iltani burns Zenata.
Okay, then.
Press: ? - help, v - describe, . - travel
Here: a +0 short sword of draining (summoned, fast)
The floor.
Okay, then.
You feel yourself speed up.
The +0 short sword of draining completely misses you.
You riposte.
You hit the +0 short sword of draining but do no damage.
You block the +0 short sword of draining's attack.
Zenata gestures at you while chanting.
A blast of power from the earth and the +0 short sword of draining strikes you!
You die...

#.. ### #... #..
#... #.. #... #..
#..# #.. ##'######
##+ #.....=.# #..
#....a..#########..
#.@(..R.+....bb.#..
+.....§.#.......+b.
#.......#......)#..
#.......#...b)..#b#
#########......(p)#
#......(§b#
#########)b #.. #..


You could see the friendly Iltani the knight (reflecting), Zenata (ally target)
and a +0 short sword of draining (summoned, fast).

Vanquished Creatures
  A tentacled monstrosity (Swamp:4)
  Rupert (D:12)
  Gastronok (Orc:1)
  2 fenstrider witches
  An emperor scorpion (Spider:4)
  A ghost moth (Spider:4)
  2 ironbound thunderhulks (Vaults:1)
  An eleionoma (Swamp:4)
  2 bunyips (Swamp:2)
  A spark wasp (Spider:4)
  Snorg (D:11)
  The ghost of Naimef the Scorcher, a journeyman TeFE of Hepliaklqana (Lair:5)
  2 entropy weavers
  6 hydras
  2 boulder beetles
  2 ogre magi
  4 vault guards (D:13)
  2 centaur warriors
  A ghost crab (Swamp:2)
  A jorogumo (Spider:2)
  2 catoblepae
  6 two-headed ogres (D:15)
  A death scarab (Spider:3)
  2 death yaks (Lair:5)
  A tengu warrior (D:15)
  A hell knight (Volcano)
  A sun demon (Volcano)
  A soul eater (Swamp:4)
  A skeletal warrior (D:15)
  4 spriggans (Swamp:1)
  2 goliath frogs
  A sun moth (Spider:4)
  A skyshark (Lair:5)
  A pharaoh ant (Spider:1)
  A swamp dragon (Swamp:2)
  2 orb spiders
  3 spriggan druids
  A bog body (Swamp:4)
  3 steelbarb worms
  A deep elf pyromancer (D:15)
  2 wizards
  6 orc knights
  6 wolf spiders
  5 orc sorcerers
  10 ugly things
  6 cyclopes
  3 manticores
  3 will-o-the-wisps (Swamp:4)
  12 elephants
  3 black mambas
  2 torpor snails
  A black mamba (shapeshifter) (Spider:2)
  A vault sentinel (Vaults:1)
  A smoke demon (Lair:5)
  4 demonic crawlers
  A molten gargoyle (Volcano)
  2 gargoyles
  An orange demon (Lair:5)
  3 unseen horror zombies (D:8)
  4 cane toads
  2 kobold demonologists (D:12)
  5 komodo dragons
  An ice devil (Lair:5)
  2 yaktaurs
  2 red devils
  A tengu conjurer (D:13)
  6 trolls
  2 tyrant leeches (Swamp:1)
  5 hornets
  4 meliai
  3 tarantellas
  4 polar bears
  11 saltlings
  10 blink frogs
  5 dream sheep (Lair:5)
  3 slime creatures (D:14)
  9 jumping spiders
  2 shadows
  A centaur simulacrum (D:13)
  A wyvern (Lair:4)
  31 yaks
  9 culicivoras
  2 fire bats (Volcano)
  3 basilisks
  A human (D:13)
  10 redbacks
  12 vampire mosquitoes
  2 wargs (Orc:2)
  3 water moccasins
  8 swamp worms
  An acid dragon (D:9)
  A hell hound (Lair:5)
  12 orc warriors
  A swamp drake (Swamp:4)
  An ice beast (D:8)
  A hornet zombie (D:8)
  A sky beast (D:6)
  A black bear (D:7)
  5 ogres
  3 centaurs
  16 wolves
  A phantom (D:6)
  2 kobold brigands
  A gnoll sergeant (D:3)
  A necrophage (D:6)
  A scorpion (D:4)
  8 bullfrogs
  A wyvern zombie (D:8)
  6 wights
  16 killer bees
  6 howler monkeys
  An electric eel (Lair:3)
  3 lava snakes (Volcano)
  A centaur zombie (D:8)
  3 hounds
  6 orc priests
  5 iguanas
  4 orc wizards
  A howler monkey zombie (D:8)
  8 adders
  10 gnolls
  2 white imps
  An ufetubus (D:4)
  5 dart slugs
  38 orcs
  7 bats
  5 endoplasms
  2 giant cockroaches
  25 hobgoblins
  4 jackals (D:3)
  23 kobolds
  5 quokkas
  8 ball pythons
  2 frilled lizards
  22 goblins
  5 rats
  A butterfly (D:7)
590 creatures vanquished.

Vanquished Creatures (collateral kills)
  Nikola (Spider:2)
  Arachne (Spider:4)
  The ghost of Qyphoemu the Black Belt, an adept GnTm of Gozag (Spider:3)
  A thorn hunter (Swamp:3)
  A fire giant (D:15)
  5 fenstrider witches (Swamp:4)
  A vault warden (Vaults:1)
  4 emperor scorpions
  6 ghost moths
  An ironbound preserver (Vaults:1)
  A reaper (Swamp:4)
  An ironbound thunderhulk (Vaults:1)
  A broodmother (Spider:2)
  A dire elephant (Vaults:1)
  6 eleionomae
  2 spark wasps
  10 bunyips
  A minotaur (Lair:5)
  2 formless jellyfish (Vaults:1)
  A green death (Swamp:4)
  3 shambling mangroves
  2 yaktaur captains (Vaults:1)
  A great orb of eyes (Vaults:1)
  7 entropy weavers
  A rakshasa (D:13)
  Fannar (Orc:1)
  5 hydras
  A vault guard (D:13)
  6 jorogumos
  2 ogre magi
  2 ghost crabs
  2 radroaches (Spider:3)
  2 boulder beetles
  7 two-headed ogres
  An alligator (Swamp:4)
  4 centaur warriors (Vaults:1)
  4 death yaks (Lair:5)
  2 death scarabs
  An orc high priest (Orc:2)
  A soul eater (Swamp:4)
  A sun demon (Lair:5)
  Nergalle (Lair:3)
  A sixfirhy (Swamp:4)
  A spriggan rider (Swamp:3)
  3 goliath frogs
  4 swamp dragons
  6 pharaoh ants
  2 sun moths
  3 spriggan druids
  2 bog bodies (Swamp:4)
  3 deep trolls (Vaults:1)
  11 orb spiders
  6 wizards
  7 steelbarb worms
  A deep elf pyromancer (D:15)
  A deep elf zephyrmancer (Swamp:4)
  3 orc knights
  2 ironbound convokers (Vaults:1)
  17 wolf spiders
  An ugly thing (D:14)
  2 orc sorcerers
  An oklob plant (Lair:5)
  A manticore (D:11)
  8 cyclopes
  3 will-o-the-wisps
  A vault sentinel (Vaults:1)
  5 elephants
  3 demonic crawlers
  5 torpor snails
  2 black mambas (Lair:2)
  A molten gargoyle (Volcano)
  An orange demon (Swamp:4)
  4 cane toads
  A gargoyle (D:13)
  3 komodo dragons
  An ice devil (Lair:5)
  A nameless horror (Lair:3)
  A rime drake (Lair:5)
  3 yaktaurs (Vaults:1)
  2 hellwings (Swamp:4)
  A red devil (Lair:5)
  A bloated husk (Swamp:2)
  3 meliai (Spider:1)
  2 trolls
  9 tyrant leeches
  24 tarantellas
  7 hornets
  3 saltlings
  A blink frog (shapeshifter) (D:12)
  Prince Ribbit (D:8)
  9 blink frogs
  2 dream sheep (Lair:5)
  A slime creature (D:14)
  29 culicivoras
  3 spriggans
  25 jumping spiders
  A wyvern (Lair:3)
  2 shadows
  A vampire (D:12)
  11 yaks
  3 basilisks
  A neqoxec (Swamp:4)
  6 vampire mosquitoes
  3 steam dragons (D:7)
  42 redbacks
  4 chaos spawn (Swamp:4)
  A warg (Orc:2)
  7 swamp worms
  3 water moccasins
  3 hell hounds (Lair:5)
  A sky beast (D:6)
  A swamp drake (Swamp:2)
  8 orc warriors
  A centaur (D:11)
  2 wolves (Lair:3)
  5 ogres
  6 bullfrogs
  A wyvern zombie (D:8)
  15 wights
  7 killer bees
  4 howler monkeys
  A centaur zombie (D:8)
  A lava snake (Volcano)
  A hound (D:5)
  An orc priest (D:4)
  2 jellies (Lair:4)
  A gnoll bouda (D:3)
  An iguana (D:6)
  A sleepcap (D:3)
  5 orc wizards
  2 killer bee zombies (D:8)
  A bullfrog simulacrum (D:6)
  2 howler monkey zombies
  A killer bee simulacrum (D:6)
  5 adders
  23 gnolls
  A white imp (D:5)
  A worm (D:3)
  23 orcs
  2 bats (D:3)
  3 endoplasms
  A giant cockroach (D:2)
  11 goblins (D:4)
  10 hobgoblins
  10 jackals (D:3)
  7 kobolds
  4 ball pythons
  4 rats
  A butterfly (Swamp:2)
614 creatures vanquished.

Vanquished Creatures (others)
  A yaktaur (Vaults:1)
  2 dancing weapons
  An orc warrior (Orc:2)
  27 knights
  22 foxfires
  4 spectral weapons
57 creatures vanquished.

Grand Total: 1261 creatures vanquished

Notes
Turn   | Place    | Note
-------+----------+-------------------------------------------
     0 | D:1      | Chodeload the Djinni Wanderer began the quest for the Orb.
     0 | D:1      | Chodeload set off with the following items: a +0 club, a +0
                  | ring mail, a potion of haste, a +2 bucklerthe following
                  | spells memorised: Necrotise, Vampiric Draining.
     0 | D:1      | Reached XP level 1. HP: 15/15 MP: 0/0
   176 | D:1      | Reached XP level 2. HP: 5/22 MP: 0/0
   515 | D:2      | Reached skill level 1 in Dodging
   520 | D:2      | Reached XP level 3. HP: 23/26 MP: 0/0
   520 | D:2      | Learned a level 1 spell: Magic Dart
   565 | D:1      | Found a faded altar of an unknown god.
   595 | D:1      | Reached skill level 1 in Fighting
   615 | D:1      | Prayed at the altar of an unknown god.
   615 | D:1      | Became a worshipper of Hepliaklqana the Forgotten
   615 | D:1      | Reached * piety under Hepliaklqana
   984 | D:2      | Upgraded the game from 0.31-a0-95-g6fa058ef04 to
                  | 0.31-a0-102-g33a4ccc0cb
  1042 | D:2      | Reached XP level 4. HP: 23/28 MP: 0/0
  1210 | D:2      | Found Loch's Armour Shop.
  1594 | D:2      | Reached ** piety under Hepliaklqana
  1595 | D:2      | Remembered your ancestor Iltani as a knight
  1650 | D:2      | Reached skill level 1 in Invocations
  1849 | D:3      | Reached XP level 5. HP: 30/34 MP: 0/0
  1849 | D:3      | Learned a level 2 spell: Momentum Strike
  2185 | D:3      | Found a hide-covered altar of Uskayaw.
  2258 | D:3      | Reached XP level 6. HP: 28/38 MP: 0/0
  2321 | D:3      | Found an opulent altar of Gozag.
  2424 | D:4      | Noticed an ogre
  2821 | D:3      | Reached XP level 7. HP: 40/44 MP: 0/0
  2821 | D:3      | Learned a level 3 spell: Inner Flame
  3781 | D:4      | Reached XP level 8. HP: 50/50 MP: 0/0
  3980 | D:4      | Found a blossoming altar of Fedhas.
  4024 | D:4      | Reached skill level 5 in Shields
  4126 | D:2      | Bought a +2 cloak for 165 gold pieces
  4214 | D:4      | Found Lauset's Antique Armour Shoppe.
  4576 | D:5      | Entered Level 5 of the Dungeon
  4663 | D:5      | Found Yshal's Magic Scroll Shoppe.
  4666 | D:5      | Bought a scroll of fear for 44 gold pieces
  4682 | D:5      | Found Muolerun's Weapon Boutique.
  4832 | D:4      | Reached skill level 1 in Polearms
  5062 | D:5      | Bought a scroll of blinking for 82 gold pieces
  5121 | D:5      | Found a stormy altar of Qazlal.
  5151 | D:5      | Found a basalt altar of Yredelemnul.
  5262 | D:5      | Reached *** piety under Hepliaklqana
  5313 | D:5      | You are sucked into a shaft and drop 2 floors!
  5393 | D:7      | Reached XP level 9. HP: 35/57 MP: 0/0
  5393 | D:7      | Learned a level 3 spell: Tukima's Dance
  5396 | D:7      | Reached skill level 5 in Invocations
  5510 | D:6      | Reached skill level 5 in Fighting
  5747 | D:5      | Found Utyqeick's Assorted Antiques.
  6105 | D:5      | Bought a scroll of poison for 44 gold pieces
  6247 | D:6      | Found a bloodstained altar of Trog.
  6392 | D:6      | Reached skill level 5 in Spellcasting
  6392 | D:6      | Reached skill level 5 in Conjurations
  6392 | D:6      | Reached skill level 5 in Hexes
  6392 | D:6      | Reached skill level 5 in Summonings
  6392 | D:6      | Reached skill level 5 in Necromancy
  6392 | D:6      | Reached skill level 5 in Translocations
  6392 | D:6      | Reached skill level 5 in Transmutations
  6392 | D:6      | Reached skill level 5 in Fire Magic
  6392 | D:6      | Reached skill level 5 in Ice Magic
  6392 | D:6      | Reached skill level 5 in Air Magic
  6392 | D:6      | Reached skill level 5 in Earth Magic
  6392 | D:6      | Reached skill level 5 in Poison Magic
  6647 | D:6      | Reached XP level 10. HP: 59/63 MP: 0/0
  6992 | D:6      | Identified the +6 dagger "Kaeraci" {pain, rElec rPois SInv}
  7055 | D:7      | Found a shadowy altar of Dithmenos.
  7077 | D:7      | Found a staircase to the Ecumenical Temple.
  7091 | D:7      | Reached **** piety under Hepliaklqana
  7151 | D:7      | Found Pigint's General Store.
  8206 | Temple   | Entered the Ecumenical Temple
  8255 | D:8      | Reached skill level 5 in Dodging
  8773 | D:8      | Noticed Prince Ribbit
  8797 | D:8      | Killed Prince Ribbit
  8801 | D:8      | Reached XP level 11. HP: 29/71 MP: 0/0
  8801 | D:8      | Learned a level 4 spell: Fulminant Prism
  9164 | D:5      | Bought a scroll of enchant armour for 82 gold pieces
  9408 | D:8      | Found Veggolopn's Book Emporium.
  9685 | D:8      | Found a staircase to the Lair.
 10128 | D:9      | Reached ***** piety under Hepliaklqana
 10227 | D:9      | Reached skill level 5 in Polearms
 10244 | D:9      | Found a sacrificial altar of Ru.
 10254 | D:9      | Found Ruutau's General Store.
 10261 | D:9      | Bought a scroll of noise for 15 gold pieces
 10272 | D:9      | Noticed a two-headed ogre
 10275 | D:9      | Noticed a two-headed ogre
 10281 | D:9      | Killed a two-headed ogre
 10288 | D:9      | Killed a two-headed ogre
 10791 | D:10     | Entered Level 10 of the Dungeon
 10849 | D:10     | Found a white marble altar of Elyvilon.
 10919 | D:10     | Identified the +0 dagger "Siets" {protect, rC+ Int+2}
 11192 | D:10     | Found a broken altar of Ashenzari.
 11226 | D:10     | Reached XP level 12. HP: 27/77 MP: 0/0
 12228 | D:11     | Found Luhirhue's Armour Boutique.
 12269 | D:11     | Found a staircase to the Orcish Mines.
 12270 | D:11     | Found Boekhlis's Weapon Shoppe.
 12271 | D:11     | Found Ogheusm's Armour Shoppe.
 12700 | D:11     | Noticed Snorg
 12918 | D:11     | Found a white marble altar of Elyvilon.
 13055 | D:11     | Killed Snorg
 13406 | D:11     | Reached skill level 10 in Polearms
 13527 | Lair:1   | Entered Level 1 of the Lair of Beasts
 14468 | Lair:1   | Reached ****** piety under Hepliaklqana
 14993 | Lair:2   | Noticed a four-headed hydra
 15016 | Lair:2   | HP: 3/77 [four-headed hydra (12)]
 15341 | Lair:2   | Noticed an eight-headed hydra
 15557 | Lair:2   | Reached XP level 13. HP: 43/82 MP: 0/0
 15557 | Lair:2   | Learned a level 5 spell: Summon Mana Viper
 15729 | Lair:2   | Killed a four-headed hydra
 16025 | Lair:3   | HP: 4/82 [elephant (2)]
 16026 | Lair:3   | HP: 1/82 [elephant (3)]
 16486 | Lair:3   | Reached skill level 5 in Armour
 16547 | Lair:3   | Noticed an eight-headed hydra
 16569 | Lair:3   | Killed an eight-headed hydra
 17199 | Lair:3   | Noticed Nergalle
 17216 | Lair:3   | Killed Nergalle
 17217 | Lair:3   | Reached skill level 10 in Fighting
 17256 | Lair:3   | Found a hole to the Spider Nest.
 17668 | Lair:2   | Found a staircase to the Swamp.
 17778 | Lair:2   | Killed an eight-headed hydra
 17941 | Lair:4   | Found a runed translucent door.
 18259 | Lair:5   | Entered Level 5 of the Lair of Beasts
 18259 | Lair:5   | Noticed a six-headed hydra
 18794 | Lair:4   | Reached XP level 14. HP: 75/92 MP: 0/0
 19188 | Lair:4   | Found a viscous altar of Jiyva.
 19191 | Lair:4   | Found a staircase to the Slime Pits.
 19548 | Orc:1    | Entered Level 1 of the Orcish Mines
 19641 | Orc:2    | Entered Level 2 of the Orcish Mines
 19691 | Orc:2    | Found a staircase to the Elven Halls.
 19842 | Orc:1    | Found a dark tunnel.
 19851 | Volcano  | Entered a volcano
 20684 | Orc:1    | Noticed Fannar
 20686 | Orc:1    | Noticed Gastronok
 20696 | Orc:1    | Killed Fannar
 20704 | Orc:1    | Killed Gastronok
 21417 | Orc:1    | HP: 4/89 [orc knight/+0 great sword (4)]
 21670 | Orc:1    | Identified a scroll of acquirement
 21671 | Orc:1    | Acquired the +0 pair of fencer's gloves {Riposte Dex+3}
 21671 | Orc:1    | Found the +0 pair of fencer's gloves {Riposte Dex+3}
 22027 | Orc:2    | Found Besixket's Magic Scroll Shoppe.
 22029 | Orc:2    | Found Xelausua's General Store.
 22038 | Orc:2    | Bought a potion of enlightenment for 70 gold pieces
 22127 | Orc:2    | Found Ycaebun's Jewellery Shoppe.
 22136 | Orc:2    | Reached XP level 15. HP: 72/97 MP: 0/0
 22136 | Orc:2    | Learned a level 6 spell: Simulacrum
 22478 | Orc:2    | Found Fiqauh's Jewellery Shop.
 22514 | Orc:2    | Bought an amulet of regeneration for 450 gold pieces
 22793 | D:9      | Bought a potion of brilliance for 60 gold pieces
 23217 | D:12     | Noticed Rupert
 23384 | D:12     | Killed Rupert
 23970 | D:13     | Reached skill level 10 in Invocations
 24105 | D:13     | Identified the +11 quarterstaff "Titeut" {flame, *Rage
                  | rElec rC+++ rN+}
 24255 | D:14     | Identified the +4 trident of Frustration {spect, Will-
                  | Int+5 SInv}
 24388 | D:14     | Found a sacrificial altar of Ru.
 24577 | D:15     | Entered Level 15 of the Dungeon
 25073 | D:15     | Found a staircase to the Depths.
 25073 | D:15     | Noticed a fire giant
 25266 | D:15     | Reached skill level 10 in Spellcasting
 25266 | D:15     | Reached skill level 10 in Conjurations
 25266 | D:15     | Reached skill level 10 in Hexes
 25266 | D:15     | Reached skill level 10 in Summonings
 25266 | D:15     | Reached skill level 10 in Necromancy
 25266 | D:15     | Reached skill level 10 in Translocations
 25266 | D:15     | Reached skill level 10 in Transmutations
 25266 | D:15     | Reached skill level 10 in Fire Magic
 25266 | D:15     | Reached skill level 10 in Ice Magic
 25266 | D:15     | Reached skill level 10 in Air Magic
 25266 | D:15     | Reached skill level 10 in Earth Magic
 25266 | D:15     | Reached skill level 10 in Poison Magic
 25269 | D:15     | Reached XP level 16. HP: 98/106 MP: 0/0
 25431 | D:15     | Identified the +1 ring mail of Xuafic {Str+2 Int+2}
 25446 | D:15     | Killed a fire giant
 25715 | D:13     | Found a gate to the Vaults.
 26500 | Lair:5   | Found a sparkling altar of Nemelex Xobeh.
 26515 | Lair:5   | Found a runed translucent gate.
 26517 | Lair:5   | Found a runed translucent gate.
 26519 | Lair:5   | Found a runed translucent gate.
 26525 | Lair:5   | Noticed Naimef's ghost (journeyman TeFE)
 27005 | Lair:5   | Found a burning altar of Makhleb.
 27016 | Lair:5   | Found a gateway to Hell.
 27362 | Lair:5   | Killed Naimef's ghost
 27464 | Swamp:1  | Entered Level 1 of the Swamp
 27683 | Swamp:1  | Reached XP level 17. HP: 110/110 MP: 0/0
 27683 | Swamp:1  | Learned a level 7 spell: Haunt
 28935 | Swamp:3  | Noticed a thorn hunter
 28939 | Swamp:3  | Killed a thorn hunter
 29442 | Swamp:4  | Entered Level 4 of the Swamp
 29679 | Swamp:4  | Reached skill level 15 in Spellcasting
 29679 | Swamp:4  | Reached skill level 15 in Conjurations
 29679 | Swamp:4  | Reached skill level 15 in Hexes
 29679 | Swamp:4  | Reached skill level 15 in Summonings
 29679 | Swamp:4  | Reached skill level 15 in Necromancy
 29679 | Swamp:4  | Reached skill level 15 in Translocations
 29679 | Swamp:4  | Reached skill level 15 in Transmutations
 29679 | Swamp:4  | Reached skill level 15 in Fire Magic
 29679 | Swamp:4  | Reached skill level 15 in Ice Magic
 29679 | Swamp:4  | Reached skill level 15 in Air Magic
 29679 | Swamp:4  | Reached skill level 15 in Earth Magic
 29679 | Swamp:4  | Reached skill level 15 in Poison Magic
 29803 | Swamp:4  | Reached XP level 18. HP: 91/117 MP: 0/0
 29990 | Swamp:4  | Got a decaying rune of Zot
 30037 | Swamp:4  | Noticed a tentacled monstrosity
 30065 | Swamp:4  | Killed a tentacled monstrosity
 30250 | Spider:1 | Entered Level 1 of the Spider Nest
 31637 | Spider:2 | Reached XP level 19. HP: 73/121 MP: 0/0
 31637 | Spider:2 | Learned a level 6 spell: Death Channel
 31748 | Spider:2 | Noticed Nikola
 31754 | Spider:2 | Killed Nikola
 32416 | Spider:3 | Identified the +4 great mace "Rebin" {holy, Fly rN+ Int+4}
 32521 | Spider:3 | Found a large runed translucent door.
 32573 | Spider:3 | Found a large runed translucent door.
 32579 | Spider:3 | Noticed Qyphoemu's ghost (adept GnTm)
 32632 | Spider:3 | Killed Qyphoemu's ghost
 33651 | Spider:4 | Entered Level 4 of the Spider Nest
 34086 | Spider:4 | Reached skill level 15 in Fighting
 34092 | Spider:4 | Noticed Arachne
 34102 | Spider:4 | Killed Arachne
 34143 | Spider:4 | Reached XP level 20. HP: 62/134 MP: 0/0
 34624 | Spider:4 | Got a gossamer rune of Zot
 35131 | Vaults:1 | Entered Level 1 of the Vaults
 35451 | Vaults:1 | Noticed Zenata
 35466 | Vaults:1 | HP: 1/134 [deep elf death mage/+0 dagger (7)]
 35475 | Vaults:1 | Killed from afar by Zenata

Illustrated notes

Levels and vault maps discovered:
D:1:      minmay_arrival_cross, layout_loops_ring, ebering_ecumenical_altar_hall
D:2:      layout_basic, serial_shops, shop, minmay_3d_cube
D:3:      lemuel_castle_with_subvaults [lemuel_castle_interior_carwin_1],
          layout_basic, grunt_gozag_statues, lemuel_tele_altar,
          minmay_shallow_snake_nest
D:4:      minmay_goblin_kobold_castle, layout_basic, lemuel_doored_altar,
          serial_shops, nicolae_shop_just_a_little_nook,
          chequers_serial_rivers_large_a
D:5:      layout_loops_ring, mainiacjoe_overflow_six_doors_small,
          mainiacjoe_overflow_small_starburst, serial_shops, shop,
          nicolae_shop_behind_doors, nicolae_shop_tiny_real_fake_doors,
          kennysheep_generic_room_15
D:6:      layout_loops_ring, kennysheep_mini, kennysheep_minor_cross,
          dilly_guarded_unrand_morg
D:7:      layout_loops_corners, lemuel_crystal_altar,
          minmay_temple_entry_butterflies, serial_shops, shop
D:8:      layout_gridville, lair_entry_dummy, serial_undead, serial_undead_a,
          serial_undead_d, serial_undead_e, serial_undead_a, serial_undead_e,
          serial_undead_d, serial_shops, kennysheep_little_box,
          uniq_prince_ribbit1
D:9:      layout_irregular_city, gammafunk_temple_overflow_wave, serial_shops,
          nicolae_shop_crystal
D:10:     layout_basic, nicolae_vehumet_radiance, amcnicky_altar_gilded,
          evilmike_ruin_ashenzari
D:11:     layout_roguey, orc_david_3, serial_shops, nicolae_shop_hallway_plus,
          elyvilon_altar_3, uniq_snorg
D:12:     layout_basic, uniq_rupert
D:13:     layout_big_octagon, grunt_vaults_entry_fortified, minivault_19
D:14:     layout_loops_ring, nicolae_ru_path_of_blood
D:15:     grunt_enter_depths_giant_problem, layout_rooms,
          hangedman_abyss_or_decor_stagger, st_stairs_8
Temple:   chequers_temple_sunken
Lair:1:   layout_cave_pods
Lair:2:   layout_gridlike, swamp_mist
Lair:3:   layout_loops_ring, spider_nest_entry_rubble, wad_woods_road_05,
          infiniplex_staircase_pool_2, grunt_megastairs_2, serial_bayou_shore_a,
          serial_bayou_shore_b, lemuel_fruit_fields, uniq_nergalle
Lair:4:   layout_cave_pods, slime_entry_2
Lair:5:   evil_forest, layout_cave_shapes, maelrawn_ghost_gauntlet_escape,
          basic_altar, minivault_25
Swamp:1:  layout_basic_swamp, evilmike_swamp_ruin_house_5
Swamp:2:  layout_falls_marsh, serial_swamp_ruin, evilmike_swamp_ruin_house_3,
          evilmike_swamp_ruin_house_2, swamp_pool4,
          nicolae_swamp_frolicking_bunyips
Swamp:3:  layout_falls_marsh, nicolae_swamp_big_swirl
Swamp:4:  nzn_swamp_witches_coven, layout_basic_swamp
Spider:1: nicolae_spider_hilbert_zone_4 [nicolae_spider_hilbert_4_sides_2_open,
          nicolae_spider_hilbert_4_sides_1_open,
          nicolae_spider_hilbert_4_sides_1_open,
          nicolae_spider_hilbert_4_sides_1_open,
          nicolae_spider_hilbert_4_sides_1_open,
          nicolae_spider_hilbert_2_sides_1_open,
          nicolae_spider_hilbert_2_sides_1_open,
          nicolae_spider_hilbert_2_sides_1_open,
          nicolae_spider_hilbert_2_sides_1_open,
          nicolae_spider_hilbert_6_sides_1_open,
          nicolae_spider_hilbert_6_sides_1_open,
          nicolae_spider_hilbert_3_sides_1_open,
          nicolae_spider_hilbert_3_sides_1_open]
Spider:2: layout_cave_pods, hellmonk_deceptive_appearances, uniq_nikola
Spider:3: layout_chambers, ebering_ghost_disaster_area, nicolae_spider_bug_shape
Spider:4: johnstein_spider_rune_arachne_lair, uniq_arachne
Orc:1:    layout_caves, enter_volcano_1, uniq_gastronok, uniq_fannar
Orc:2:    hellmonk_orc_salted, layout_caves
Vaults:1: dpeg_vaults_hating_casters, v_misc_5,
          nicolae_vaults_door_testing_chamber, nicolae_vaults_closet_pinwheel_5,
          nicolae_vaults_bisected_slash, ontoclasm_vaults_tryst,
          nicolae_vaults_closet_pinwheel_2, nicolae_vaults_network_star,
          nicolae_vaults_network_s, nicolae_vaults_little_squares_6,
          nicolae_vaults_house_1, nicolae_vaults_layer_cake_slice,
          layout_vaults_maze_bifur, uniq_zenata

Skill      XL: |  1  2  3  4  5  6  7  8  9 10 11 12 13 14 15 16 17 18 19 20 |
---------------+-------------------------------------------------------------+-----
Dodging        | 1 2 5 6 7 9 |  9.9
Fighting       | 1 2 3 4 5 7 8 10 12 15 | 15.0
Spellcasting   | 2 3 5 7 8 10 12 15 17 | 17.4
Conjurations   | 2 3 5 7 8 10 12 15 17 | 17.4
Hexes          | 2 3 5 7 8 10 12 15 17 | 17.4
Summonings     | 2 3 5 7 8 10 12 15 17 | 17.4
Necromancy     | 2 3 5 7 8 10 12 15 17 | 17.4
Translocations | 2 3 5 7 8 10 12 15 17 | 17.4
Transmutations | 2 3 5 7 8 10 12 15 17 | 17.4
Fire Magic     | 2 3 5 7 8 10 12 15 17 | 17.4
Ice Magic      | 2 3 5 7 8 10 12 15 17 | 17.4
Air Magic      | 2 3 5 7 8 10 12 15 17 | 17.4
Earth Magic    | 2 3 5 7 8 10 12 15 17 | 17.4
Poison Magic   | 2 3 5 7 8 10 12 15 17 | 17.4
Invocations    | 1 2 3 4 5 7 8 10 | 10.0
Shields        | 3 4 5 |  5.0
Polearms       | 1 4 8 11 12 14 | 14.0
Armour         | 5 6 8 |  8.0
Maces & Flails | |  0.3
Evocations     | |  3.0

Action                     |  1- 3 |  4- 6 |  7- 9 | 10-12 | 13-15 | 16-18 | 19-21 || total
---------------------------+-------+-------+-------+-------+-------+-------+-------++-------
  Melee: Club              |    97 |       |       |       |       |       |       ||    97
         Hand axe          |    36 |   146 |       |       |       |       |       ||   182
         Whip              |       |    53 |   100 |       |       |       |       ||   153
         Spear             |       |       |   368 |   900 |   724 |       |       ||  1992
         Dagger            |       |       |       |    26 |       |       |       ||    26
         Trident           |       |       |       |       |   636 |   297 |    18 ||   951
         Demon trident     |       |       |       |       |       |   316 |   193 ||   509
  Throw: Dart              |       |       |     3 |    10 |    16 |     1 |       ||    30
         Boomerang         |       |       |       |     1 |     2 |       |       ||     3
   Cast: Necrotise         |    11 |     2 |       |       |       |       |       ||    13
         Tukima's Dance    |       |       |       |     5 |    10 |     7 |     1 ||    23
         Summon Mana Viper |       |       |       |       |       |    57 |    20 ||    77
         Simulacrum        |       |       |       |       |       |   118 |   131 ||   249
         Haunt             |       |       |       |       |       |     4 |     8 ||    12
         Vampiric Draining |       |       |       |       |       |     1 |       ||     1
         Death Channel     |       |       |       |       |       |       |    18 ||    18
 Invoke: Recall Ancestor   |       |     4 |     4 |     8 |    22 |    10 |     1 ||    49
         Ancestor Life: Kn |       |     1 |       |       |       |       |       ||     1
         Ancestor Identity |       |       |     1 |       |       |       |       ||     1
         Idealise          |       |       |       |       |     7 |     2 |     2 ||    11
  Evoke: Wand              |       |       |       |       |     5 |       |       ||     5
    Use: Potion            |     2 |       |       |     1 |     2 |       |     8 ||    13
         Scroll            |       |     4 |     2 |     6 |    12 |    13 |     8 ||    45
   Stab: Distracted        |       |     1 |     1 |     6 |    11 |    14 |     9 ||    42
         Sleeping          |       |       |     1 |       |     2 |     3 |     2 ||     8
 Armour: Ring mail         |    63 |    60 |       |   103 |   273 |       |       ||   499
         Chain mail        |       |    17 |    23 |       |       |       |       ||    40
         Leather armour    |       |       |   107 |   128 |    13 |   154 |    45 ||   447
  Dodge: Dodged            |    71 |   112 |   192 |   357 |   512 |   224 |    61 ||  1529
  Block: Buckler           |    35 |    85 |   160 |   268 |   275 |   147 |    40 ||  1010
Riposte: Trident           |       |       |       |       |    53 |    51 |     2 ||   106
         Demon trident     |       |       |       |       |       |    37 |    19 ||    56

Table legend: (Time is in decaauts)
 A = Elapsed time spent in this place.
 B = Non-inter-level travel time spent in this place.
 C = Inter-level travel time spent in this place.
 D = Time resting spent in this place.
 E = Time spent auto-exploring this place.
 F = Levels seen in this place.
 G = Mean time per level.
                   A        B        C        D        E       F      G
               +--------+--------+--------+--------+--------+-----+--------+
         Total |  34756 |  29925 |   4831 |   5125 |   8225 |  33 | 1053.2 |
       Dungeon |  17356 |  14759 |   2597 |   1768 |   6001 |  15 | 1157.1 |
        Temple |      1 |      1 |      0 |      0 |      0 |   1 |    1.0 |
          Lair |   7354 |   6253 |   1101 |   2113 |   1050 |   5 | 1470.8 |
         Swamp |   2659 |   2343 |    316 |     49 |    424 |   4 |  664.8 |
   Spider Nest |   3944 |   3297 |    647 |    125 |    639 |   4 |  986.0 |
  Orcish Mines |   2460 |   2291 |    169 |    865 |    111 |   2 | 1230.0 |
        Vaults |    328 |    328 |      0 |      0 |      0 |   1 |  328.0 |
       Volcano |    650 |    650 |      0 |    205 |      0 |   1 |  650.0 |
               +--------+--------+--------+--------+--------+-----+--------+

Top non-repeatable levels by time:
  Lair:3: 2427 daAuts
  Lair:1: 1900 daAuts
     D:3: 1873 daAuts
     D:8: 1725 daAuts
    D:11: 1553 daAuts
     D:7: 1462 daAuts
    D:10: 1426 daAuts
     D:4: 1426 daAuts
Spider:3: 1312 daAuts
   Orc:2: 1252 daAuts
     D:6: 1213 daAuts
   Orc:1: 1207 daAuts
  Lair:4: 1124 daAuts
Spider:4: 1122 daAuts
     D:1: 1057 daAuts
